 Dungeon Crawl Stone Soup version 0.32-a0-928-g1cae6b7ea0 (webtiles) character file.

Game seed: 9575353449048576383

203 Ofeo the Trooper (level 5, -3/64 HPs)
             Began as a Coglin Brigand on Apr 12, 2024.
             Splashed by a jelly's acid (12 damage)
             ... on level 4 of the Dungeon.
             The game lasted 00:03:46 (2970 turns).

Ofeo the Trooper (Coglin Brigand)                   Turns: 2970, Time: 00:03:46

Health: -3/64      AC:  0    Str: 11    XL:     5   Next: 81%
Magic:  5/5        EV:  9    Int: 10    God:
Gold:   210        SH:  0    Dex: 18    Spells: 4/4 levels left

rFire   + . .        a - +2 dagger {Yolanda}
rCold   . . .        l - +2 flail of Defence by Offence {venom, rF+}
rNeg    . . .        m - +0 ring mail
rPois   .            (no helmet)
rElec   .            c - +0 cloak
rCorr   .            r - +0 pair of gloves
SInv    .            p - +0 pair of boots
Will    .....        (amulet unavailable) Stlth
                     (ring unavailable)
HPRegen 0.30/turn    (ring unavailable)
MPRegen 0.09/turn    (no gizmo)

%: no passive effects
@: berserking, corroded, revved, very quick
A: off-hand wielding, slow wielding, warmup strikes, no jewellery
a: Invent Gizmo


You were on level 4 of the Dungeon.
You visited 1 branch of the dungeon, and saw 4 of its levels.

You collected 210 gold pieces.

Inventory:

Hand Weapons
 a - a +2 dagger (weapon) {Yolanda}
 f - a +0 dagger {Ishleen}
 j - a +0 short sword {Kanlaya}
 l - the +2 flail of Defence by Offence (offhand) {venom, rF+}
   (You found it on level 3 of the Dungeon)

   rF+:       It protects you from fire.
 q - a +0 orcbow
Missiles
 d - 9 poisoned darts (quivered)
 e - 3 curare-tipped darts
 x - 3 atropa-tipped darts
Armour
 c - a +0 cloak (worn)
 m - a +0 ring mail (worn)
 p - a +0 pair of boots (worn)
 r - a +0 pair of gloves (worn)
Scrolls
 g - a scroll of noise
 h - a scroll of blinking {unknown}
 i - 2 scrolls of identify {@r1}
 s - 2 scrolls of teleportation {unknown}
 u - a scroll of poison {unknown}
 v - a scroll of silence {unknown}
 w - a scroll of fear {unknown}
Potions
 b - a potion of heal wounds {unknown}
 k - a potion of curing {unknown}
 n - a potion of lignification {unknown}
 o - 4 potions of degeneration {unknown}
 t - a potion of haste {unknown}
 R - a potion of berserk rage


   Skills:
 + Level 4.4 Fighting
 - Level 2.4 Short Blades
 - Level 2.4 Throwing
 - Level 1.8 Dodging
 - Level 3.6 Stealth


You had 4 spell levels left.
You didn't know any spells.
Your spell library contained the following spells:

 Spells                   Type           Power      Damage    Failure   Level
 Frozen Ramparts          Ice            0%         1d1       95%         3
 Ozocubu's Armour         Ice            0%         N/A       95%         3
 Metabolic Englaciation   Hex/Ice        0%         N/A       100%        5


Dungeon Overview and Level Annotations

Branches:
Dungeon (4/15)
 Temple: D:4-7

Altars:
Dithmenos
Fedhas

Annotations:
D:3 1 runed translucent door, Crazy Yiuf, Jessica


Innate Abilities, Weirdness & Mutations

You can wield a second weapon in your off-hand.
It takes a long time for you to wield or remove held weapons.
Your first few attacks do less damage.
You cannot equip rings or amulets.


Message History

Your graspers burn!
The jelly is moderately wounded.
You hit the jelly with your +2 dagger.
Your graspers burn!
The jelly hits you but does no damage.
You take 7 damage, and have 20/43 hp.
You are too injured to fight recklessly!
You are too injured to fight recklessly!
You are too injured to fight recklessly!
You are too injured to fight recklessly!
You are too injured to fight recklessly!
You are too injured to fight recklessly!
You are too injured to fight recklessly!
A jelly is nearby!
You hit the jelly but do no damage.
Your graspers burn!
The jelly is moderately wounded.
You sock the jelly with the +2 flail of Defence by Offence!
The acid corrodes you!
Your graspers burn!
* * * LOW HITPOINT WARNING * * *
The jelly misses you.
You take 8 damage, and have 12/43 hp.
You hit the jelly but do no damage.
Your graspers burn!
* * * LOW HITPOINT WARNING * * *
The jelly is heavily wounded.
You hit the jelly but do no damage.
Your graspers burn!
* * * LOW HITPOINT WARNING * * *
The jelly barely misses you.
You take 2 damage, and have 10/43 hp.
A red film seems to cover your vision as you go berserk!
You feel yourself moving faster!
You feel mighty! The jelly barely misses you.
You now have 15/64 hp.
You hit the jelly with the +2 flail of Defence by Offence.
Your graspers burn!
* * * LOW HITPOINT WARNING * * *
The jelly is severely wounded.
You hit the jelly with your +2 dagger.
Your graspers burn!
* * * LOW HITPOINT WARNING * * *
The jelly hits you.
* * * LOW HITPOINT WARNING * * *
You are splashed with acid!
You die...

#.# #.# ## ##.##..
##...#. ..... ... #J# #
###.###@##.###.
.>.............
#######.####### #.# #.#
#.# #.# #####
#.###########...#
#######........>......#


You could see a jelly.

Vanquished Creatures
  A hound (D:3)
  A jelly (D:4)
  An iguana (D:3)
  3 adders
  A shadow imp (D:3)
  3 ribbon worms
  3 orcs (D:3)
  8 ball pythons
  11 bats
  7 endoplasms
  2 giant cockroaches
  6 goblins
  4 hobgoblins
  3 jackals
  3 kobolds
  3 quokkas
  6 frilled lizards
  9 rats
75 creatures vanquished.

Notes
Turn   | Place    | Note
-------+----------+-------------------------------------------
     0 | D:1      | Ofeo the Coglin Brigand began the quest for the Orb.
     0 | D:1      | Reached XP level 1. HP: 16/16 MP: 1/1
    35 | D:1      | Reached skill level 1 in Dodging
   166 | D:1      | Reached XP level 2. HP: 13/22 MP: 2/2
   672 | D:1      | Reached XP level 3. HP: 21/27 MP: 3/3
  1297 | D:2      | Reached XP level 4. HP: 31/34 MP: 4/4
  1314 | D:2      | Found a faded altar of an unknown god.
  2180 | D:3      | Found a blossoming altar of Fedhas.
  2201 | D:3      | Identified the +2 flail of Defence by Offence {venom, rF+}
  2271 | D:3      | Reached skill level 3 in Fighting
  2271 | D:3      | Reached XP level 5. HP: 37/41 MP: 5/5
  2594 | D:3      | Reached skill level 4 in Fighting
  2751 | D:3      | Found a runed translucent door.
  2751 | D:3      | Noticed Jessica
  2752 | D:3      | Noticed Crazy Yiuf
  2881 | D:4      | Found a shadowy altar of Dithmenos.
  2970 | D:4      | Splashed by a jelly's acid

Illustrated notes

Levels and vault maps discovered:
D:1:      dpeg_arrival_ratfight, layout_loops_cross
D:2:      layout_loops_ring, shapermc_ecumenical_altar_acropolis
D:3:      layout_basic, fedhas_altar_1, minmay_divided_ellipse,
          uniq_crazy_yiuf_cottage, uniq_jessica
D:4:      gammafunk_cloud_chamber, layout_loops_corners,
          nicolae_kikubaaqudgha_miasma_corner, grunt_dithmenos_smoke,
          lemuel_tele_altar, serial_park_tiny_1

Skill      XL: |  1  2  3  4  5 |
---------------+----------------+-----
Dodging        | 1 |  1.8
Throwing       | 2 |  2.4
Short Blades   | 2 |  2.4
Fighting       | 3 4 |  4.4
Stealth        | |  3.6

Action                     |  1- 3 |  4- 6 || total
---------------------------+-------+-------++-------
  Melee: Dagger            |    88 |    95 ||   183
         Short sword       |    57 |    57 ||   114
         Flail             |       |    37 ||    37
    Use: Scroll            |     3 |       ||     3
         Potion            |       |     1 ||     1
   Stab: Sleeping          |     8 |     4 ||    12
 Armour: Robe              |    41 |       ||    41
         Ring mail         |    15 |    56 ||    71
  Dodge: Dodged            |    49 |    52 ||   101

Table legend: (Time is in decaauts)
 A = Elapsed time spent in this place.
 B = Non-inter-level travel time spent in this place.
 C = Inter-level travel time spent in this place.
 D = Time resting spent in this place.
 E = Time spent auto-exploring this place.
 F = Levels seen in this place.
 G = Mean time per level.
                   A        B        C        D        E       F      G
               +--------+--------+--------+--------+--------+-----+--------+
         Total |   2959 |   2735 |    224 |      2 |   2181 |   4 |  739.8 |
       Dungeon |   2959 |   2735 |    224 |      2 |   2181 |   4 |  739.8 |
               +--------+--------+--------+--------+--------+-----+--------+

Top non-repeatable levels by time:
     D:1: 1009 daAuts
     D:2: 1000 daAuts
     D:3: 775 daAuts
     D:4: 173 daAuts
